 Dungeon Crawl Stone Soup version 0.23-a0-650-ga4d50d4 (console) character file.

10 Duffy the Firebug (level 2, 19/19 HPs)
             Began as a Demonspawn Fire Elementalist on Jan 6, 2019.
             Quit the game on level 1 of the Dungeon.
             The game lasted 00:00:17 (343 turns).

Duffy the Firebug (Demonspawn Fire Elementalist)     Turns: 343, Time: 00:00:18

Health: 19/19      AC:  2    Str:  8    XL:     2   Next: 10%
Magic:  1/5        EV: 12    Int: 16    God:
Gold:   27         SH:  0    Dex: 13    Spells: 4/5 levels left

rFire    . . .     SeeInvis .   (no weapon)
rCold    . . .     Gourm    .   (no shield)
rNeg     . . .     Faith    .   a - +0 robe
rPois    .         Spirit   +   (no helmet)
rElec    .         Reflect  .   (no cloak)
rCorr    .         Harm     .   (no gloves)
MR       .....                  (no boots)
Stlth    ++........             (no amulet)
HPRegen  0.06/turn              (no ring)
MPRegen  0.09/turn              (no ring)

@: no status effects
A: magic shield
a: no special abilities


You were on level 1 of the Dungeon.
You were not hungry.

You visited 1 branch of the dungeon, and saw 1 of its levels.

You collected 27 gold pieces.

Inventory:

Armour
 a - a +0 robe (worn)
Scrolls
 b - a scroll of identify {unknown}
Potions
 d - a potion of mutation {unknown}
Comestibles
 c - 2 rations
 f - 2 chunks of flesh


   Skills:
 - Level 1.7 Dodging
 - Level 1.7 Stealth
 + Level 2.2 Spellcasting
 + Level 1.4 Conjurations
 + Level 2.9 Fire Magic


You had 4 spell levels left.
You knew the following spells:

 Your Spells              Type           Power        Failure   Level  Hunger
h - Flame Tongue          Conj/Fire      #....        9%          1    #......

Your spell library contained the following spells:

 Spells                   Type           Power        Failure   Level  Hunger
 Throw Flame              Conj/Fire      #.....       12%         2    ###....
 Conjure Flame            Conj/Fire      #.......     24%         3    ###....
 Inner Flame              Hex/Fire       #.......     32%         3    ###....
 Sticky Flame             Conj/Fire      #.......     63%         4    #####..
 Fireball                 Conj/Fire      #.........   92%         5    ######.


Dungeon Overview and Level Annotations

Branches:
Dungeon (1/15)

Altars:


Innate Abilities, Weirdness & Mutations

When hurt, damage is shared between your health and your magic reserves.


Message History

A goblin comes into view. It is wielding a +0 dagger.
Casting: Flame Tongue (safe; 9% risk of failure)
Confirm with . or Enter, or press ? or * to list all spells.
Aiming: Flame Tongue (safe; 9% risk of failure)
Press: ? - help, Shift-Dir - straight line, f - ooze
Aim: an ooze (resting)
The flame tongue hits the ooze.
The ooze is severely wounded.
The ooze quivers.
Casting: Flame Tongue (safe; 9% risk of failure)
Confirm with . or Enter, or press ? or * to list all spells.
Aiming: Flame Tongue (safe; 9% risk of failure)
Press: ? - help, Shift-Dir - straight line, f/p - ooze
Aim: an ooze (severely wounded)
The flame tongue hits the ooze.
You kill the ooze!
You have reached level 2!
Your demonic ancestry asserts itself...
You feel your magical essence form a protective shroud around your flesh.
Are you sure you want to abandon this character and quit the game? (Confirm #.PP.PPP...PPP.PP.# #.PPP..PPPPP..PPP.# #.PPPPP.....PPPPP.# #.PPPPPPPPPPPPPPP.# ##.PPPPPPPPPPPPPPP.#

...................#
...######........(.#
.......##%......(.>#
#......##........@!#
#......##.............g.#
#......##...............#
#......##.........#.#....
#......##...........# #.#
#.>....##............ #
#......###########.##.
#......# .# .# ########


You could see a goblin.

Vanquished Creatures
  An ooze (D:1)
  A giant cockroach (D:1)
  2 goblins (D:1)
  A hobgoblin (D:1)
5 creatures vanquished.

Notes
Turn   | Place    | Note
-------+----------+-------------------------------------------
     0 | D:1      | Duffy the Demonspawn Fire Elementalist began the quest for
                  | the Orb.
     0 | D:1      | Reached XP level 1. HP: 13/13 MP: 3/3
   342 | D:1      | Gained mutation: When hurt, damage is shared between your
                  | health and your magic reserves. [demonic ancestry]
   342 | D:1      | Reached XP level 2. HP: 19/19 MP: 1/5
   343 | D:1      | Quit the game

Vault maps used:
D:1:      roderic_crop_circles_arrival_small

Action                   || total
-------------------------++-------
Melee: Unarmed           ||    23
 Cast: Flame Tongue      ||     9
Armor: Robe              ||     6
Dodge: Dodged            ||    17

Table legend:
 A = Non-vault XP
 B = Vault XP
 C = Vault XP percentage of total XP
 D = Non-vault monster count
 E = Vault monster count
 F = Vault count percentage of total count
                 A         B        C        D         E       F
            +---------+---------+-------+---------+---------+-------
      Total |      15 |       0 |   0.0 |       5 |       0 |   0.0
            +---------+---------+-------+---------+---------+-------
        D:1 |      15 |       0 |   0.0 |       5 |       0 |   0.0
            +---------+---------+-------+---------+---------+-------
